 Dungeon Crawl Stone Soup version 0.31-a0-232-gb1c03b2570 (webtiles) character file.

Game seed: 3807518942405101202

30 qw the Shooter (level 3, 0/21 HPs)
             Began as a Gargoyle Hexslinger on July 7, 2023.
             Slain by a hobgoblin (2 damage)
             ... on level 2 of the Dungeon.
             The game lasted 00:00:19 (770 turns).

qw the Shooter (Gargoyle Hexslinger)                 Turns: 770, Time: 00:00:19

Health: 0/21       AC:  8    Str: 11    XL:     3   Next: 18%
Magic:  4/4        EV:  7    Int: 13    God:
Gold:   14         SH:  0    Dex: 14    Spells: 3/4 levels left

rFire   . . .        Y - +1 sling
rCold   . . .        (no shield)
rNeg    + . .        g - +0 ring mail
rPois   inf          (no helmet)
rElec   +            (no cloak)
rCorr   .            (no gloves)
SInv    .            (no boots)
Will    .....        (no amulet)
Stlth   +            (no ring)
HPRegen 0.23/turn    (no ring)
MPRegen 0.09/turn

%: no passive effects
@: constricted
A: sickness immunity, AC +3, negative energy resistance 1, electricity
resistance, torment resistance 1, petrification resistance
a: no special abilities


You were on level 2 of the Dungeon.
You visited 1 branch of the dungeon, and saw 2 of its levels.

You collected 14 gold pieces.


Innate Abilities, Weirdness & Mutations

You are immune to sickness and miasma.
Your stone body is resilient. (AC +3)
You are immune to poison.
You resist negative energy. (rN+)
You are resistant to electric shocks. (rElec)
You are resistant to unholy torment.
You are immune to petrification.


   Skills:
 - Level 2.0 Fighting
 + Level 3.2 Ranged Weapons
 - Level 1.5 Dodging
 - Level 1.0 Spellcasting
 - Level 2.6 Hexes


You had 3 spell levels left.
You knew the following spells:

 Your Spells              Type           Power      Damage    Failure   Level
a - Slow                  Hex            28%        N/A       22%         1

Your spell library contained the following spells:

 Spells                   Type           Power      Damage    Failure   Level
 Inner Flame              Hex/Fire       4%         N/A       75%         3
 Portal Projectile        Hex/Tloc       8%         N/A       75%         3
 Cause Fear               Hex            3%         N/A       92%         4

Inventory:

Hand Weapons
 Y - a +1 sling (weapon)
Armour
 g - a +0 ring mail (worn)
Potions
 e - a potion of lignification {unknown}
 i - a potion of brilliance {unknown}
 j - a potion of degeneration {unknown}

Dungeon Overview and Level Annotations

Branches:
Dungeon (2/15)

Altars:

Shops:
D:1 ?:


Message History

The jackal is heavily wounded.
The jackal barely misses you.
The jackal bites you but does no damage.
The giant cockroach bites you. The jackal closely misses you.
You shoot a sling bullet.
The sling bullet barely misses the jackal.
The jackal bites you.
The jackal bites you but does no damage.
The giant cockroach closely misses you.
The jackal bites you but does no damage.
The jackal bites you.
The hobgoblin hits you but does no damage.
The giant cockroach bites you but does no damage.
768 ||| STAIRDANCE The jackal closely misses you.
The jackal bites you.
The ball python bites you but does no damage.
The ball python grabs you.
You stop ascending the stairs.
The ball python constricts you.
The giant cockroach completely misses you.
The hobgoblin hits you.
The jackal bites you but does no damage.
The jackal barely misses you.
You shoot a sling bullet. The sling bullet hits the ball python.
The ball python is severely wounded.
The ball python barely misses you. The ball python constricts you.
The giant cockroach barely misses you. The jackal completely misses you.
The hobgoblin hits you.
The jackal bites you but does no damage.
The ball python barely misses you. The ball python constricts you.
The giant cockroach closely misses you.
The jackal bites you but does no damage.
You shoot a sling bullet.
The sling bullet barely misses the ball python.
The jackal bites you but does no damage.
The hobgoblin hits you but does no damage.
The jackal bites you.
The giant cockroach bites you but does no damage.
The ball python barely misses you. The ball python constricts you.
The jackal barely misses you. The hobgoblin hits you.
You die...

... ....
....#######
..........#
.<........#
...<......##
......hS...#..#
.....bg@.....#
.....hBh...###
....####.###
##. .. #.. ##.
.. .#


You could see 3 jackals, a giant cockroach, a hobgoblin, a bat and a ball
python.

Vanquished Creatures
  5 endoplasms (D:1)
  A giant cockroach (D:1)
  4 goblins (D:1)
  2 hobgoblins (D:1)
  2 jackals (D:1)
  A kobold (D:1)
  A quokka (D:1)
  2 ball pythons
  3 bats (D:1)
  3 frilled lizards (D:1)
  2 rats (D:1)
26 creatures vanquished.

Notes
Turn   | Place    | Note
-------+----------+-------------------------------------------
     0 | D:1      | qw the Gargoyle Hexslinger began the quest for the Orb.
     0 | D:1      | Reached XP level 1. HP: 12/12 MP: 2/2
     0 | D:1      | 0 ||| qw: Version: 0.3-a-46-gb1f654a
     0 | D:1      | 0 ||| qw: Game counter: 2402
     0 | D:1      | 0 ||| qw: Melee chars always use a shield: true
     0 | D:1      | 0 ||| qw: God list: Okawaru
     0 | D:1      | 0 ||| qw: Allow faded altars: false
     0 | D:1      | 0 ||| qw: Do Orc after clearing Dungeon:15 true
     0 | D:1      | 0 ||| qw: Do second Lair branch before Depths: true
     0 | D:1      | 0 ||| qw: Lair rune preference: random
     0 | D:1      | 0 ||| qw: Goals: Normal
     0 | D:1      | 0 ||| PLANNING D:1-11
    67 | D:1      | Found Ligafyeb's Magic Scroll Boutique.
    73 | D:1      | Found Retism's Vocational Training.
    77 | D:1      | 77 ||| SHOPLISTING scroll of acquirement (728 gold, have
                  | 0).
    77 | D:1      | 77 ||| SHOPLISTING scroll of enchant weapon (105 gold, have
                  | 0).
    77 | D:1      | 77 ||| SHOPLISTING scroll of identify (28 gold, have 0).
    77 | D:1      | 77 ||| SHOPLISTING scroll of teleportation (42 gold, have
                  | 0).
   126 | D:1      | Reached XP level 2. HP: 16/16 MP: 3/3
   227 | D:1      | Reached skill level 3 in Ranged Weapons
   380 | D:1      | Reached XP level 3. HP: 21/21 MP: 4/4
   731 | D:1      | 731 ||| UPGRADING to +0 ring mail.
   741 | D:1      | 741 ||| DROPPING +0 robe.
   742 | D:1      | 742 ||| DROPPING amulet of magic regeneration.
   743 | D:1      | 743 ||| READING scroll labelled NEOLLE WICOT.
   744 | D:1      | 744 ||| READING scroll labelled PAUFRUXOCA.
   748 | D:1      | 748 ||| DROPPING scroll of poison.
   768 | D:2      | 768 ||| STAIRDANCE
   770 | D:2      | HP: 3/21 [jackal (3)]
   770 | D:2      | Slain by a hobgoblin

Levels and vault maps discovered:
D:1:      dpeg_arrival_short_road, layout_basic, serial_shops, shop,
          st_stairs_1, nicolae_shop_vocational
D:2:      layout_rooms, serial_shops, shop, basic_altar,
          shapermc_ecumenical_altar_flowoftime,
          wander_ebering_terrifying_dragon_lair

Skill      XL: |  1  2  3 |
---------------+----------+-----
Ranged Weapons | 3 |  3.2
Fighting       | 2 |  2.0
Dodging        | |  1.5
Spellcasting   | |  1.0
Hexes          | |  2.6

Action                     || total
---------------------------++-------
   Fire: Sling             ||    77
    Use: Scroll            ||     2
 Armour: Robe              ||     7
         Ring mail         ||    12
  Dodge: Dodged            ||    34

Table legend:
 A = Non-vault XP
 B = Vault XP
 C = Vault XP percentage of total XP
 D = Non-vault monster count
 E = Vault monster count
 F = Vault count percentage of total count
                 A         B        C        D         E       F
            +---------+---------+-------+---------+---------+-------
      Total |      38 |       5 |  11.6 |      23 |       3 |  11.5
            +---------+---------+-------+---------+---------+-------
        D:1 |      36 |       5 |  12.2 |      22 |       3 |  12.0
        D:2 |       2 |       0 |   0.0 |       1 |       0 |   0.0
            +---------+---------+-------+---------+---------+-------
